 Dungeon Crawl Stone Soup version 0.29-a0-393-g47a863cc1b (webtiles) character file.

Game seed: 835172803059849267

245 bande the Skirmisher (level 6, -2/38 HPs)
             Began as a Gargoyle Fighter on May 10, 2022.
             Slain by a gnoll sergeant
             ... wielding a +0 spear
              (6 damage)
             ... on level 4 of the Dungeon.
             The game lasted 00:04:38 (3051 turns).

bande the Skirmisher (Gargoyle Fighter)             Turns: 3051, Time: 00:04:39

Health: -2/38      AC: 11    Str: 20    XL:     6   Next: 10%
Magic:  6/6        EV:  9    Int:  8    God:
Gold:   247        SH:  4    Dex: 11    Spells: 5/5 levels left

rFire   . . .      SeeInvis +   a - +0 war axe
rCold   . . .      Faith    .   c - +0 buckler
rNeg    + . .      Spirit   .   b - +0 scale mail
rPois   ∞          Reflect  .   (no helmet)
rElec   +          Harm     .   (no cloak)
rCorr   .          Rampage  .   (no gloves)
Will    .....                   (no boots)
Stlth   ..........              (no amulet)
HPRegen 0.12/turn               r - ring of see invisible
MPRegen 0.10/turn               (no ring)

@: no status effects
A: sickness immunity, AC +4, negative energy resistance 1, electricity
resistance, torment resistance 1, petrification resistance
a: no special abilities


You were on level 4 of the Dungeon.
You visited 1 branch of the dungeon, and saw 4 of its levels.

You collected 247 gold pieces.

Inventory:

Hand Weapons
 a - a +0 war axe (weapon)
Armour
 b - a +0 scale mail (worn)
 c - a +0 buckler (worn)
Jewellery
 e - a ring of fire
 r - a ring of see invisible (left hand)
Scrolls
 g - a scroll of vulnerability {unknown}
 h - a scroll of immolation {unknown}
 i - a scroll of fear {unknown}
 k - a scroll of magic mapping {unknown}
 m - a scroll of enchant weapon {unknown}
 o - 2 scrolls of teleportation {unknown}
 q - a scroll of summoning {unknown}
 s - a scroll of acquirement {unknown}
Potions
 d - 2 potions of might
 f - 2 potions of flight {unknown}
 j - a potion of haste {unknown}
 l - 3 potions of heal wounds {unknown}
 n - a potion of curing {unknown}
 p - 2 potions of mutation {unknown}


   Skills:
 + Level 4.2 Fighting
 + Level 4.1 Axes
 + Level 4.2 Armour
 - Level 0.2 Stealth
 + Level 4.1 Shields


You had 5 spell levels left.
You didn't know any spells.
Your spell library was empty.

Dungeon Overview and Level Annotations

Branches:
Dungeon (4/15)
 Temple: D:4-7

Altars:
Makhleb
Uskayaw
Vehumet


Innate Abilities, Weirdness & Mutations

You are immune to sickness and miasma.
Your stone body is resilient. (AC +4)
You are immune to poison.
You resist negative energy. (rN+)
You are resistant to electric shocks. (rElec)
You are resistant to unholy torment.
You are immune to petrification.


Message History

You slash the gnoll!
You kill the gnoll!
You barely miss the gnoll.
The gnoll sergeant hits you from afar with a +0 spear.
You block the gnoll's attack. x2
Your Axes skill increases to level 4!
You have reached level 6!
The gnoll hits you with a +0 halberd! You block the gnoll sergeant's attack.
Things that are here:
a +0 whip; a giant cockroach corpse You barely miss the gnoll sergeant.
You hit the gnoll but do no damage. You hit the gnoll.
The gnoll closely misses you. You block the gnoll's attack.
You block the gnoll sergeant's attack. The gnoll hits you with a +0 halberd.
The gnoll sergeant hits you with a +0 spear!
The gnoll hits you but does no damage.
Unknown command.
You slash the gnoll sergeant!
The gnoll sergeant is heavily wounded.
You slash the gnoll! You closely miss the gnoll.
The gnoll sergeant hits you with a +0 spear.
* * * LOW HITPOINT WARNING * * *
The gnoll hits you but does no damage. The gnoll closely misses you.
Unknown command.
You hit the gnoll sergeant.
The gnoll sergeant is heavily wounded.
You slash the gnoll!
You kill the gnoll!
You slash the gnoll! The gnoll sergeant barely misses you.
You block the gnoll's attack.
You barely miss the gnoll sergeant.
The gnoll sergeant is heavily wounded.
You hit the gnoll.
You kill the gnoll!
The gnoll sergeant barely misses you.
The gnoll sergeant hits you with a +0 spear!
* * * LOW HITPOINT WARNING * * *
You hit the gnoll sergeant but do no damage.
The gnoll sergeant is heavily wounded.
The gnoll sergeant hits you with a +0 spear.
You die...

#.#####....##
#........#..#
######..##..# ####
####..#...#### ...
#..##.#.[.#..#
#.###...<........#
#...##..##.......##
##....#..###...##..#
#..g@)...# #...#...#
......).)...###.......#
.................>.....#
........................
.........(...........>..
.........>............##
#.##...............#..#
#. ........#.......#...
...............


You could see a gnoll sergeant.

Vanquished Creatures
  A hound (D:3)
  Jessica (D:3)
  4 gnolls (D:4)
  6 adders
  3 worms
  6 dart slugs
  4 orcs (D:3)
  3 endoplasms
  4 giant cockroaches
  9 goblins
  6 hobgoblins
  7 jackals (D:1)
  3 quokkas
  3 ball pythons
  6 bats
  2 frilled lizards (D:2)
  2 kobolds (D:1)
  4 rats
74 creatures vanquished.

Notes
Turn   | Place    | Note
-------+----------+-------------------------------------------
     0 | D:1      | bande the Gargoyle Fighter began the quest for the Orb.
     0 | D:1      | Reached XP level 1. HP: 14/14 MP: 1/1
   172 | D:1      | Reached XP level 2. HP: 19/19 MP: 2/2
   545 | D:1      | Found a faded altar of an unknown god.
   682 | D:1      | Reached XP level 3. HP: 22/24 MP: 3/3
  1105 | D:2      | Found a burning altar of Makhleb.
  1170 | D:2      | Reached XP level 4. HP: 22/29 MP: 4/4
  2231 | D:3      | Found a radiant altar of Vehumet.
  2276 | D:3      | Noticed Jessica
  2280 | D:3      | Reached XP level 5. HP: 28/33 MP: 5/5
  2282 | D:3      | Killed Jessica
  2695 | D:3      | Found a hide-covered altar of Uskayaw.
  3046 | D:4      | Reached XP level 6. HP: 28/38 MP: 6/6
  3051 | D:4      | Slain by a gnoll sergeant

Illustrated notes

Levels and vault maps discovered:
D:1:      psy_arrival_wood_between_worlds, layout_basic,
          ebering_ecumenical_altar_petrified, minmay_tetromino_t4
D:2:      layout_loops_ring, basic_altar
D:3:      layout_loops_ring, mainiacjoe_overflow_boulevard,
          overflow_temple_1_default, dreamdust_wishing_well, uniq_jessica
D:4:      layout_cave_pools, mainiacjoe_overflow_alcove_2,
          minmay_temple_entry_butterflies, gammafunk_ghost_smash, uniq_natasha

Skill      XL: |  1  2  3  4  5 |
---------------+----------------+-----
Axes           | 2 3 4 |  4.1
Fighting       | 4 |  4.2
Armour         | 4 |  4.2
Shields        | 4 |  4.1
Stealth        | |  0.2

Action                   |  1- 3 |  4- 6 || total
-------------------------+-------+-------++-------
Melee: War axe           |    92 |   142 ||   234
Armor: Scale mail        |    62 |    82 ||   144
Dodge: Dodged            |    53 |    72 ||   125
Block: Buckler           |    27 |    43 ||    70

Table legend: (Time is in decaauts)
 A = Elapsed time spent in this place.
 B = Non-inter-level travel time spent in this place.
 C = Inter-level travel time spent in this place.
 D = Time resting spent in this place.
 E = Time spent auto-exploring this place.
 F = Levels seen in this place.
 G = Mean time per level.
                   A        B        C        D        E       F      G
               +--------+--------+--------+--------+--------+-----+--------+
         Total |   3143 |   3016 |    127 |      0 |   2336 |   4 |  785.8 |
       Dungeon |   3143 |   3016 |    127 |      0 |   2336 |   4 |  785.8 |
               +--------+--------+--------+--------+--------+-----+--------+

Top non-repeatable levels by time:
     D:1: 1139 daAuts
     D:3: 1009 daAuts
     D:2: 921 daAuts
     D:4: 72 daAuts
